AoeStats
← kimbo

Arabia

508521297Analyzed
2v2 RM · 10d ago on Sep 22, 2026· 55m 45s· 4 players
Game mode
Random Map
Map size
Medium (4 player)
Population
200
Speed
Normal
Resources
Standard
Victory
Conquest
Starting age
Dark Age
Ending age
Imperial Age
RankedLock teamsTeams togetherTeam positionsShared explorationLock speedFull tech treeHidden civsTurbo modeCheats
Victory
Defeat
🇫🇷 Varangians · France
1391
+13
🇮🇪 Huns · Ireland
1310
+17
🇦🇷 Saxons · Argentina
1356
-16
🇦🇷 Varangians · Argentina
1304
-14
Pingocho
8:46 Feudal Age
8:08 Loom
9:30 Double-Bit Axe
19:28 Castle Age
18:36 Scale Barding Armor
18:42 Bloodlines
18:15 Horse Collar
20:58 Chain Barding Armor
21:13 Bow Saw
23:11 Wheelbarrow
24:18 Fletching
25:15 Husbandry
26:03 Heavy Plow
26:46 Gold Mining
27:19 Forging
29:18 Iron Casting
29:10 Stone Mining
33:46 Hand Cart
37:27 Imperial Age
36:02 Bodkin Arrow
37:35 Cavalier
38:51 Plate Barding Armor
40:32 Conscription
40:58 Stone Shaft Mining
41:58 Two-Man Saw
41:34 Crop Rotation
43:50 Chemistry
42:36 Light Cavalry
44:23 Blast Furnace
44:12 Ballistics
43:59 Bracer
44:15 Hussar
kimbo
8:03 Loom
9:57 Feudal Age
10:07 Man-at-Arms
10:35 Loom
10:48 Double-Bit Axe
18:38 Fletching
24:38 Castle Age
24:54 Gold Mining
25:56 Bow Saw
26:05 Bodkin Arrow
35:17 Wheelbarrow
35:31 Padded Archer Armor
34:54 Elite Skirmisher
37:18 Horse Collar
40:30 Hand Cart
44:20 Imperial Age
43:04 Leather Archer Armor
43:39 Thumb Ring
44:11 Ballistics
46:07 Two-Man Saw
45:08 Heavy Plow
44:33 Capped Ram
45:20 Bracer
45:51 Ring Archer Armor
46:26 Chemistry
47:55 Siege Ram
50:48 Conscription
51:53 Coinage
53:06 Scale Mail Armor
53:17 Forging
54:26 Pikeman
55:07 Squires
54:53 Arson
54:54 Gambesons
55:04 Halberdier
EweRwoRld
8:12 Loom
10:34 Feudal Age
15:33 Castle Age
14:39 Double-Bit Axe
14:45 Horse Collar
20:25 Scale Mail Armor
20:18 Fletching
25:23 Ballistics
25:28 Bodkin Arrow
26:17 Padded Archer Armor
30:41 Leather Archer Armor
30:55 Thumb Ring
31:33 Masonry
33:54 Stone Mining
33:55 Gold Mining
34:34 Husbandry
36:40 Wheelbarrow
36:06 Heavy Plow
36:24 Bow Saw
37:44 Bloodlines
40:54 Imperial Age
39:24 Hand Cart
40:02 Forging
39:58 Scale Barding Armor
39:16 Light Cavalry
40:18 Fervor
40:29 Sanctity
41:35 Gold Shaft Mining
41:05 Murder Holes
41:17 Marauders
43:01 Chemistry
42:04 Bracer
42:25 Chain Barding Armor
42:27 Conscription
41:44 Heavy Cavalry Archer
43:49 Parthian Tactics
43:26 Pikeman
44:07 Squires
43:52 Arson
45:51 Two-Man Saw
45:43 Hussar
49:29 Plate Barding Armor
48:55 Scale Mail Armor
49:30 Iron Casting
49:36 Elite Tarkan
57:14 Blast Furnace
Dedpool_Aoe
6:39 Loom
8:51 Feudal Age
9:25 Double-Bit Axe
14:17 Bloodlines
19:03 Forging
19:29 Scale Barding Armor
24:50 Castle Age
24:46 Horse Collar
26:04 Bow Saw
25:59 Gold Mining
28:18 Iron Casting
27:54 Husbandry
28:37 Chain Barding Armor
Connection lost

Rejoining the realm…

Still unreachable

The connection could not be restored.

Session expired

The server has moved on; the page needs a fresh start.